 Dungeon Crawl Stone Soup version 0.22-a0-247-gbddf880757 (webtiles) character file.

41 Peterchen the Chopper (level 3, 0/31 HPs)
             Began as a Minotaur Berserker on Feb 24, 2018.
             Was a Believer of Trog.
             Slain by a worm (10 damage)
             ... on level 1 of the Dungeon.
             The game lasted 00:02:20 (914 turns).

Peterchen the Chopper (Minotaur Berserker)           Turns: 914, Time: 00:02:21

Health: 0/31       AC:  5    Str: 22    XL:     3   Next: 32%
Magic:  2/2        EV: 11    Int:  4    God:    Trog [**....]
Gold:   11         SH:  0    Dex:  9    Spells: 2/2 levels left

rFire    . . .     SeeInvis .   a - +0 hand axe
rCold    . . .     Gourm    .   (no shield)
rNeg     . . .     Faith    .   e - +0 ring mail
rPois    .         Spirit   .   (helmet restricted)
rElec    .         Reflect  .   (no cloak)
rCorr    .         Harm     .   (no gloves)
MR       .....                  (no boots)
Stlth    ..........             (no amulet)
HPRegen  0.10/turn              (no ring)
MPRegen  0.08/turn              (no ring)

@: berserk cooldown, slowed, very slow
A: retaliatory headbutt, horns 2
a: Berserk, Trog's Hand, Renounce Religion


You were on level 1 of the Dungeon.
You worshipped Trog.
Trog was pleased with you.
You were hungry.

You visited 1 branch of the dungeon, and saw 1 of its levels.

You collected 11 gold pieces.

Inventory:

Hand Weapons
 a - a +0 hand axe (weapon)
Armour
 e - a +0 ring mail (worn)
Scrolls
 g - a scroll of identify {unknown}
Potions
 b - a potion of heal wounds {unknown}
 f - a potion of degeneration {unknown}
Comestibles
 c - 4 rations


   Skills:
 - Level 3.6 Fighting
 * Level 5.4 Axes
 - Level 2.4 Armour
 - Level 2.1 Dodging


You had 2 spell levels left.
You didn't know any spells.

Dungeon Overview and Level Annotations

Branches:
Dungeon (1/15)

Altars:


Innate Abilities, Weirdness & Mutations

You reflexively headbutt those who attack you in melee.
You have a pair of horns on your head.


Message History

You closely miss the jackal. Your headbutt misses the jackal.
The jackal is heavily wounded.
The jackal bites you but does no damage.
The jackal closely misses you. You furiously retaliate!
You headbutt the jackal.
You kill the jackal!
Trog accepts your kill.
You hit the ooze. You headbutt the ooze!
The ooze is almost dead.
The ooze hits you but does no damage. The ooze hits you.
You barely miss the ooze.
You kill the ooze!
Trog accepts your kill.
You hit the worm. You headbutt the worm!
The worm is severely wounded.
The worm bites you!
You barely miss the worm.
The worm is heavily wounded.
The worm bites you!
You die...

......#######.........[..#..#.#.#
(.....# #...#..#########..#.#.#
......#####.#.#..##########.#....
......##.................##.#...)
......##.###+#######'###..#.#....
......##.#..⌠...>...⌠..#....#....
......##.#......<......#.##.#....
......##.+⌠....###....⌠'.##.#....
......##.#......@......#.##......
......##.#######w#######.##....##
......##.# ....... #.##....#.
.........# ........... #.##....#.
#####....#.............#.##....#.
#....###############.##....#.
#....................##....#.
#...##########.########....#.
#...# #.............#.


You could see a worm.

Vanquished Creatures
  2 oozes (D:1)
  2 dart slugs (D:1)
  A ball python (D:1)
  A bat (D:1)
  6 giant cockroaches (D:1)
  4 jackals (D:1)
  2 frilled lizards (D:1)
  2 goblins (D:1)
  2 kobolds (D:1)
  6 rats (D:1)
28 creatures vanquished.

Notes
Turn   | Place    | Note
-------+----------+-------------------------------------------
     0 | D:1      | Peterchen the Minotaur Berserker began the quest for the Orb.
     0 | D:1      | Reached XP level 1. HP: 19/19 MP: 0/0
     1 | D:1      | Found a runed door.
    20 | D:1      | Reached skill level 4 in Axes
   215 | D:1      | Reached XP level 2. HP: 21/26 MP: 1/1
   899 | D:1      | Reached skill level 5 in Axes
   905 | D:1      | Reached ** piety under Trog
   905 | D:1      | Reached XP level 3. HP: 24/31 MP: 2/2
   914 | D:1      | Slain by a worm

Vault maps used:
D:1:      dpeg_arrival_caged_fury

Skill      XL: |  1  2 |
---------------+-------+-----
Axes           | 4 5 |  5.4
Fighting       | |  3.6
Armour         | |  2.4
Dodging        | |  2.1

Action                   || total
-------------------------++-------
Melee: Hand axe          ||    55
       Headbutt          ||     9
Invok: Berserk           ||     1
Armor: Ring mail         ||    13
Dodge: Dodged            ||    28

Table legend:
 A = Spawn XP
 B = Non-spawn XP
 C = Spawn XP percentage of total XP
 D = Spawn monster count
 E = Non-spawn monster count
 F = Spawn count percentage of total count
 G = Total turns spent on level
                    A         B        C        D         E        F      G
               +---------+---------+-------+---------+---------+-------+---------
         Total |       0 |      59 |   0.0 |       0 |      28 |   0.0 |   914
               +---------+---------+-------+---------+---------+-------+---------
           D:1 |       0 |      59 |   0.0 |       0 |      28 |   0.0 |   914
               +---------+---------+-------+---------+---------+-------+---------
